 Dungeon Crawl Stone Soup version 0.29-a0-581-ge9a90b782e (webtiles) character file.

Game seed: 11720234187145143146

146916 Lekart the Demolition Draconian (level 16, -1/137 HPs)
             Began as a Red Draconian Monk on June 13, 2022.
             Was an Elder of Makhleb.
             Killed from afar by an iron dragon (24 damage)
             ... with a spray of metal splinters
             ... on level 1 of the Elven Halls on June 14, 2022.
             The game lasted 00:59:56 (33173 turns).

Lekart the Demolition Draconian (DrMo)             Turns: 33173, Time: 00:59:57

Health: -1/137     AC: 19    Str: 20    XL:     16   Next: 90%
Magic:  0/33       EV: 19    Int:  8    God:    Makhleb [****..]
Gold:   2061       SH:  0    Dex: 19    Spells: 13/15 levels left

rFire   + + .      SeeInvis +   y - +8 frozen axe "Frostbite" {freezing cloud, *Noise Fly rC+}
rCold   + . .      Faith    .   (shield currently unavailable)
rNeg    . . .      Spirit   +   (body armour unavailable)
rPois   .          Reflect  .   M - +2 hat {Will+}
rElec   .          Harm     +   F - +2 cloak {rCorr}
rCorr   +          Rampage  .   q - +2 pair of gloves of Zuph {Harm Int-3 Slay+6}
Will    ++...      Clarity  +   Q - +1 pair of boots {Fly}
Stlth   ++........              I - amulet of guardian spirit
HPRegen 0.32/turn               c - ring of see invisible
MPRegen 0.23/turn               d - ring "Xaxellai" {Wiz rF+ Str+4}

@: flying
A: breathe fire, AC +9, unfitting armour, fire resistance 1, cold-blooded,
hooves 1, clarity, high MP 1
a: Breathe Fire, Renounce Religion, Minor Destruction, Lesser Servant of
Makhleb, Major Destruction


You were on level 1 of the Elven Halls.
You worshipped Makhleb.
Makhleb was greatly pleased with you.
You visited 7 branches of the dungeon, and saw 27 of its levels.
You also visited: Ossuary and Gauntlet.

You collected 2672 gold pieces.
You spent 611 gold pieces at shops.

Inventory:

Hand Weapons
 a - a +1 falchion of flaming
 e - a +9 war axe of protection
 y - the +8 frozen axe "Frostbite" (weapon) {freezing cloud, *Noise Fly rC+}
   (You found it on level 9 of the Dungeon)

   It freezes those it strikes, dealing additional cold damage.
   It can also slow down cold-blooded creatures.
   It occasionally leaves clouds of freezing vapour upon striking a foe.
   It grants immunity to clouds of freezing vapour.
   rC:        It protects you from cold.
   Fly:       It grants you flight.
   *Noise:    It may make noises in combat.
Missiles
 D - 3 throwing nets (quivered)
Armour
 q - the +2 pair of gloves of Zuph (worn) {Harm Int-3 Slay+6}
   (You bought it in a shop on level 2 of the Orcish Mines)

   Int:       It affects your intelligence (-3).
   Slay:      It affects your accuracy & damage with ranged weapons and melee
   (+6).
   Harm:      It increases damage dealt and taken.
 F - a +2 cloak of preservation (worn)
 M - a +2 hat of willpower (worn)
 Q - a +1 pair of boots of flying (worn)
Jewellery
 c - a ring of see invisible (left hand)
 d - the ring "Xaxellai" (right hand) {Wiz rF+ Str+4}
   (You acquired it in an ossuary)

   [ring of wizardry]

   It improves your spell success rate.
   Str:       It affects your strength (+4).
   rF:        It protects you from fire.
 B - a +4 ring of protection
 I - an amulet of guardian spirit (around neck)
 T - a ring of positive energy
Wands
 l - a wand of paralysis (4)
 v - a wand of iceblast (6)
 z - a wand of flame (32)
 C - a wand of acid (3)
 K - a wand of digging (4)
 L - a wand of polymorph (21)
Scrolls
 h - 2 scrolls of fear
 k - a scroll of silence
 p - 8 scrolls of teleportation
 w - 4 scrolls of magic mapping
 x - a scroll of amnesia
 R - a scroll of summoning
Potions
 b - 6 potions of ambrosia
 f - 3 potions of cancellation
 g - 2 potions of berserk rage
 i - 5 potions of heal wounds
 j - 4 potions of brilliance
 r - 7 potions of haste
 s - 5 potions of might
 t - 6 potions of curing
 u - 4 potions of magic
 A - a potion of resistance
 S - 4 potions of mutation
Miscellaneous
 G - a tin of tremorstones (2/2)
 P - a phantom mirror (inert)
 V - a phial of floods


   Skills:
 + Level 11.2 Fighting
 + Level 8.4 Long Blades
 + Level 15.0 Axes
 + Level 10.8 Dodging
 - Level 1.7 Stealth
 + Level 0.9 Shields
 * Level 21.3 Invocations
 + Level 1.2 Evocations


You had 13 spell levels left.
You knew the following spells:

 Your Spells              Type           Power      Damage    Failure   Level
a - Passwall              Tmut/Erth      0%         N/A       26%         2

Your spell library contained the following spells:

 Spells                   Type           Power      Damage    Failure   Level
 Magic Dart               Conj           0%         1d3       17%         1
 Necrotize                Necr           0%         1d4       17%         1
 Slow                     Hex            0%         N/A       17%         1
 Call Imp                 Summ           0%         N/A       26%         2
 Ensorcelled Hibernation  Hex/Ice        0%         N/A       26%         2
 Poisonous Vapours        Pois/Air       0%         N/A       26%         2
 Searing Ray              Conj           0%         2d4       26%         2
 Static Discharge         Conj/Air       0%         N/A       26%         2
 Sublimation of Blood     Necr           0%         N/A       26%         2
 Confusing Touch          Hex            0%         N/A       45%         3
 Gell's Gravitas          Tloc           0%         N/A       45%         3
 Ignite Poison            Fire/Tmut/Pois 0%         N/A       45%         3
 Lesser Beckoning         Tloc           0%         N/A       45%         3
 Mephitic Cloud           Conj/Pois/Air  0%         N/A       45%         3
 Portal Projectile        Hex/Tloc       0%         N/A       45%         3
 Swiftness                Air            0%         N/A       45%         3
 Teleport Other           Tloc           0%         N/A       45%         3
 Tukima's Dance           Hex            0%         N/A       45%         3
 Vampiric Draining        Necr           0%         2d6       45%         3
 Cause Fear               Hex            0%         N/A       83%         4
 Corpse Rot               Necr/Pois/Air  0%         N/A       83%         4
 Fulminant Prism          Conj/Hex       0%         3d6       83%         4
 Petrify                  Tmut/Erth      0%         N/A       83%         4
 Agony                    Necr           0%         N/A       99%         5
 Blade Hands              Tmut           0%         N/A       99%         5
 Freezing Cloud           Conj/Ice/Air   0%         6-21      99%         5
 Irradiate                Conj/Tmut      0%         3d13      99%         5
 Lightning Bolt           Conj/Air       0%         1d11      99%         5
 Summon Mana Viper        Hex/Summ       0%         N/A       99%         5
 Yara's Violent Unravell  Hex/Tmut       0%         3d3       99%         5
 Iron Shot                Conj/Erth      0%         9d1       100%        6
 Dragon Form              Tmut           0%         N/A       100%        7
 Enfeeble                 Hex            0%         N/A       100%        7
 Monstrous Menagerie      Summ           0%         N/A       100%        7
 Maxwell's Capacitive Co  Air            0%         ∞         100%        8
 Dragon's Call            Summ           0%         N/A       100%        9


Dungeon Overview and Level Annotations

Branches:
Dungeon (15/15)            Temple (1/1) D:4            Lair (6/6) D:8
  Swamp (0/4) Lair:2        Snake (1/4) Lair:2        Slime (0/5) Lair:6
    Orc (2/2) D:12            Elf (1/3) Orc:2        Vaults (0/5) D:13
 Depths (1/4) D:15        Ossuary (visited)         Gauntlet (visited)

Altars:
Ashenzari
Cheibriados
Dithmenos
Elyvilon
Fedhas
Gozag
Hepliaklqana
Kikubaaqudgha
Makhleb
Nemelex Xobeh
Okawaru
Qazlal
Ru
Sif Muna
Trog
Uskayaw
Vehumet
Wu Jian
Xom
Yredelemnul
Zin
The Shining One
Beogh
Ignis
Jiyva

Shops:
D:1 :   D:3 (   D:7 *   D:12 [   D:15 (   Orc:2 *[([   Snake:1 !

Annotations:
Elf:1 3 runed translucent doors


Innate Abilities, Weirdness & Mutations

You can breathe blasts of fire.
Your fiery red scales are hard. (AC +9)
You cannot fit into any form of body armour.
Your flesh is heat resistant. (rF+)
You are cold-blooded and may be slowed by cold attacks.
You have large cloven feet.
You possess an exceptional clarity of mind.
You have an increased reservoir of magic. (+10% MP)


Message History

The iron dragon completely misses you. The iron dragon claws you.
The iron dragon tramples you but does no damage.
Your cacodemon gestures at the fire dragon.
The fire dragon twists and deforms.
The fire dragon attacks as you move away!
The fire dragon bites you! The fire dragon barely misses you.
The fire dragon closely misses you.
Your cacodemon hits the fire dragon! Your cacodemon hits the fire dragon!!
The fire dragon bites your cacodemon. The fire dragon claws your cacodemon.
The fire dragon barely misses your cacodemon.
Your cacodemon hits the fire dragon!
Your cacodemon hits the fire dragon but does no damage.
A demon appears!
You can no longer summon a greater servant of Makhleb.
The fire dragon closely misses your cacodemon.
The fire dragon barely misses your cacodemon.
The fire dragon tramples your cacodemon.
Your cacodemon holds its ground!
Your cacodemon gestures at the fire dragon.
The fire dragon appears confused.
What are your orders? t - Shout!
Orders for allies: a - Attack new target. r - Retreat! s - Stop attacking. g - Guard the area. f - Follow me.
Anything else - Cancel.
Gang up on whom?
Press: ? - help, Dir - move target, f - iron dragon
Aim: an iron dragon (lightly wounded, ally target) Attack!
Your cacodemon hits the iron dragon!
Your cacodemon barely misses the iron dragon.
The iron dragon breathes metal splinters at you.
The spray of metal splinters hits you!
* * * LOW HITPOINT WARNING * * *
Your balrug gestures at the iron dragon.
The iron dragon is smitten.
Your cacodemon barely misses the iron dragon. x2
The iron dragon breathes metal splinters at you.
The spray of metal splinters hits you!!
You die...

#.#..........############
............#..D#88#DD$#
##.##.........#'''#..#+++#
..............#82.).....8#
....#.........#8D2[.....8#
..............##..#..#[.##
.>............#8........8#
......#...)...#8........8#
......##...)..##@)#..#..##
.).........).)).).......8#
.........####.#8))).....8#
....)...## #.##))#''#''##
....#..## #...........#
).?.#.## #############
.#.#..# .#..#.# ......#


You could see an iron dragon (catching breath, ally target), a storm dragon, 2
fire dragons, a friendly cacodemon (summoned) and a friendly balrug (summoned).

Vanquished Creatures
  Saint Roka (Orc:2)
  Jorgrun (D:11)
  Gastronok (Lair:2)
  A ghoul (D:13)
  2 very ugly things
  A deep elf demonologist (Elf:1)
  A deep elf annihilator (Elf:1)
  An ettin (D:15)
  2 deep elf high priests (Elf:1)
  A vault guard (D:13)
  5 boulder beetles
  3 hydras
  2 catoblepae
  4 dancing weapons (Elf:1)
  4 death yaks (Lair:6)
  4 centaur warriors
  2 two-headed ogres
  3 tengu warriors (D:14)
  A thrashing horror (Gauntlet)
  Amaemon (Lair:2)
  3 skeletal warriors
  3 deep elf knights (Elf:1)
  2 deep trolls (D:15)
  3 sea snakes (Lair:6)
  A deep elf archer (Elf:1)
  An obsidian statue (Gauntlet)
  2 bog bodies (Lair:2)
  2 orc knights (Orc:2)
  A harpy (Lair:6)
  8 deep elf zephyrmancers (Elf:1)
  A mana viper (Snake:1)
  A harpy (shapeshifter) (D:14)
  3 wizards (D:15)
  2 manticores (D:12)
  7 ugly things
  5 deep elf pyromancers
  An orc sorcerer (Elf:1)
  An oklob plant (Lair:4)
  4 elephants
  4 cyclopes
  8 black mambas
  6 centaur zombies (D:13)
  A naga mage (Snake:1)
  2 gargoyles
  Joseph (D:7)
  12 cane toads
  A cane toad (shapeshifter) (Elf:1)
  An orange demon (Lair:2)
  9 komodo dragons
  2 rime drakes (Lair:6)
  4 efreet
  An unseen horror (D:12)
  A minotaur zombie (Gauntlet)
  2 tengu conjurers (D:14)
  2 unseen horror zombies (D:8)
  An ice devil (D:9)
  A guardian mummy (D:13)
  4 trolls
  8 polar bears
  A wind drake (Lair:6)
  6 meliai
  A hornet (D:11)
  12 slime creatures
  3 snapping turtles (Lair:6)
  3 blink frogs (Lair:6)
  A meliai zombie (D:13)
  2 shadows
  An air elemental (Elf:1)
  6 wyverns
  47 yaks
  A wraith (D:14)
  A water elemental (Elf:1)
  A fire elemental (Elf:1)
  4 basilisks
  A steam dragon (D:8)
  A vampire mosquito (D:13)
  3 swamp worms (Lair:2)
  Menkaure (D:6)
  A warg (Orc:2)
  4 nagas (Lair:2)
  3 acid dragons
  11 water moccasins
  2 ice beasts
  24 orc warriors
  3 sky beasts (D:6)
  5 black bears
  9 ogres
  4 boggarts (Lair:6)
  A centaur (D:5)
  9 wolves
  A phantom (D:5)
  2 kobold brigands
  4 necrophages
  Blork the orc (D:5)
  14 bullfrogs
  2 gnoll sergeants
  3 small abominations (Gauntlet)
  An earth elemental (Elf:1)
  7 scorpions
  3 wights (D:8)
  Dowan (D:7)
  5 killer bees
  3 howler monkeys
  An electric eel (Lair:2)
  A human zombie (D:8)
  3 hounds
  3 jellies (D:5)
  19 orc priests
  Crazy Yiuf (D:7)
  5 iguanas
  31 orc wizards
  A boggart zombie (D:13)
  2 killer bee zombies (D:8)
  4 mummies
  15 gnolls
  10 adders
  2 white imps (D:6)
  An ufetubus (D:6)
  2 worms
  A dart slug (D:3)
  92 orcs
  3 spectral bats (Ossuary)
  4 bats
  3 endoplasms
  2 giant cockroaches
  12 gnoll zombies (Ossuary)
  8 goblins
  3 hobgoblins
  4 jackals (D:1)
  10 kobolds
  4 quokkas
  5 ball pythons
  4 bat simulacra (Ossuary)
  7 goblin zombies (Ossuary)
  8 hobgoblin zombies (Ossuary)
  A kobold simulacrum (Ossuary)
  2 kobold zombies (Ossuary)
  3 orc zombies
  4 rats
  3 rat simulacra (Ossuary)
  2 spectral goblins (Ossuary)
  3 spectral kobolds (Ossuary)
  A spectral orc (D:10)
  A spectral rat (Ossuary)
673 creatures vanquished.

Vanquished Creatures (collateral kills)
  A minotaur (Gauntlet)
  2 hydras (D:7)
  3 vault guards (D:13)
  A boulder beetle (D:6)
  A merfolk avatar (Lair:6)
  A two-headed ogre (D:9)
  4 death yaks (D:8)
  3 deep elf knights
  A naga ritualist (Snake:1)
  4 deep elf archers (Elf:1)
  A deep elf zephyrmancer (Elf:1)
  An orc knight (D:13)
  2 deep elf pyromancers (Elf:1)
  An ugly thing (D:6)
  A manticore (D:13)
  2 orc sorcerers (D:13)
  2 rime drakes (Lair:6)
  2 ice devils (D:9)
  A shadow (D:10)
  8 yaks
  A human (D:13)
  A steam dragon (Lair:6)
  A basilisk (Lair:4)
  Duvessa (D:7)
  5 orc warriors
  2 ice beasts (D:7)
  2 centaurs
  A kobold brigand (D:7)
  2 bullfrogs
  5 killer bees (D:9)
  2 howler monkeys
  A lava snake (D:7)
  A jelly (D:6)
  2 gnoll shamans
  2 orc priests (Orc:2)
  An adder (D:6)
  10 gnolls
  3 shadow imps (D:7)
  5 white imps
  15 orcs
  5 kobolds (D:7)
110 creatures vanquished.

Vanquished Creatures (others)
  A deep elf knight (Elf:1)
  A slime creature (D:14)
  2 orc wizards (Elf:1)
  4 orcs (Elf:1)
  A demonic plant (Gauntlet)
  23 fungi
  61 plants
  A withered plant (D:13)
94 creatures vanquished.

Grand Total: 877 creatures vanquished

Notes
Turn   | Place    | Note
-------+----------+-------------------------------------------
     0 | D:1      | Lekart the Draconian Monk began the quest for the Orb.
     0 | D:1      | Reached XP level 1. HP: 19/19 MP: 1/1
    38 | D:1      | Found Reott's Book Emporium.
   232 | D:1      | Reached XP level 2. HP: 22/26 MP: 2/2
  1008 | D:2      | Reached XP level 3. HP: 15/33 MP: 3/3
  2158 | D:3      | Found Imid's Antique Weapon Shop.
  2314 | D:3      | Found a faded altar of an unknown god.
  2356 | D:3      | Reached XP level 4. HP: 40/40 MP: 4/4
  2781 | D:4      | Found a glowing silver altar of Zin.
  2831 | D:4      | Found a shimmering altar of Xom.
  3017 | D:4      | Noticed an orc warrior
  3034 | D:4      | Killed an orc warrior
  3035 | D:4      | Reached XP level 5. HP: 47/47 MP: 5/5
  3037 | D:4      | Reached skill level 5 in Long Blades
  3135 | D:4      | Found a staircase to the Ecumenical Temple.
  3147 | Temple   | Entered the Ecumenical Temple
  3164 | Temple   | Became a worshipper of Makhleb the Destroyer
  3164 | Temple   | Reached * piety under Makhleb
  3164 | Temple   | Reached ** piety under Makhleb
  3230 | D:4      | Reached XP level 6. HP: 38/50 MP: 6/6
  3694 | D:4      | Reached skill level 1 in Invocations
  3954 | D:4      | Reached skill level 2 in Invocations
  4617 | D:5      | Entered Level 5 of the Dungeon
  4640 | D:5      | Reached skill level 3 in Invocations
  4716 | D:5      | Your scales start taking on a fiery red colour.
  4716 | D:5      | Reached XP level 7. HP: 56/60 MP: 9/9
  4716 | D:5      | Gained mutation: Your flesh is heat resistant. (rF+) [Red
                  | Draconian growth]
  4776 | D:5      | Reached skill level 4 in Invocations
  4916 | D:5      | Reached skill level 5 in Invocations
  5001 | D:5      | Reached skill level 6 in Invocations
  5341 | D:5      | Noticed Blork the orc
  5346 | D:5      | Killed Blork the orc
  5347 | D:5      | Reached XP level 8. HP: 67/67 MP: 11/13
  5349 | D:5      | Reached skill level 7 in Invocations
  5928 | D:5      | Reached skill level 8 in Invocations
  5953 | D:5      | Reached *** piety under Makhleb
  6437 | D:6      | Reached skill level 9 in Invocations
  6609 | D:6      | Reached skill level 10 in Invocations
  6740 | D:6      | Reached XP level 9. HP: 28/73 MP: 16/16
  6994 | D:6      | Noticed a cyan ugly thing
  6995 | D:6      | Noticed a boulder beetle
  7009 | D:6      | Killed a cyan ugly thing
  7010 | D:6      | Reached skill level 11 in Invocations
  7020 | D:6      | Killed a boulder beetle
  7021 | D:6      | Reached skill level 12 in Invocations
  7236 | D:6      | Reached skill level 5 in Fighting
  7278 | D:6      | Reached skill level 13 in Invocations
  7601 | D:6      | Noticed Menkaure
  7609 | D:6      | Killed Menkaure
  7610 | D:6      | Reached XP level 10. HP: 43/81 MP: 19/19
  7820 | D:7      | Noticed Duvessa
  7820 | D:7      | Noticed Dowan
  7892 | D:7      | Killed Duvessa
  7911 | D:7      | Killed Dowan
  7963 | D:7      | Upgraded the game from 0.29-a0-575-g0dc89cf053 to
                  | 0.29-a0-581-ge9a90b782e
  8061 | D:7      | Noticed a five-headed hydra
  8071 | D:7      | Killed a five-headed hydra
  8072 | D:7      | Reached skill level 14 in Invocations
  8127 | D:7      | Found Himoc's Assorted Antiques.
  8137 | D:7      | Found a bloodstained altar of Trog.
  8166 | D:7      | Noticed Joseph
  8177 | D:7      | Killed Joseph
  8324 | D:7      | Bought a scroll labelled AHIR PAINLUH for 21 gold pieces
  8326 | D:7      | Gained mutation: You expend magic power (3 MP) to
                  | strengthen your wands. [potion of mutation]
  8326 | D:7      | Gained mutation: Your spells are a little harder to cast,
                  | but a little more powerful. [potion of mutation]
  8327 | D:7      | Lost mutation: You expend magic power (3 MP) to strengthen
                  | your wands. [potion of mutation]
  8327 | D:7      | Lost mutation: Your spells are a little harder to cast, but
                  | a little more powerful. [potion of mutation]
  8327 | D:7      | Gained mutation: You have an increased reservoir of magic.
                  | (+10% MP) [potion of mutation]
  8327 | D:7      | Gained mutation: Your spells are a little harder to cast,
                  | but a little more powerful. [potion of mutation]
  8328 | D:7      | Lost mutation: You have an increased reservoir of magic.
                  | (+10% MP) [potion of mutation]
  8328 | D:7      | Lost mutation: Your spells are a little harder to cast, but
                  | a little more powerful. [potion of mutation]
  8328 | D:7      | Gained mutation: You have large cloven feet. [potion of
                  | mutation]
  8328 | D:7      | Gained mutation: You possess an exceptional clarity of
                  | mind. [potion of mutation]
  8328 | D:7      | Gained mutation: You have an increased reservoir of magic.
                  | (+10% MP) [potion of mutation]
  8442 | D:7      | Noticed a five-headed hydra
  8450 | D:7      | Killed a three-headed hydra
  8451 | D:7      | Reached skill level 15 in Invocations
  8637 | D:7      | Found a runed translucent door.
  8638 | D:7      | Noticed Crazy Yiuf
  8753 | D:7      | Found a stormy altar of Qazlal.
  8845 | D:7      | Killed Crazy Yiuf
  8886 | D:8      | Reached **** piety under Makhleb
  9035 | D:8      | Found a sand-covered staircase.
  9041 | Ossuary  | Entered an ossuary
  9400 | Ossuary  | Reached ***** piety under Makhleb
  9478 | Ossuary  | Identified a scroll of acquirement
  9479 | Ossuary  | Acquired the ring "Xaxellai" {Wiz rF+ Str+4}
  9485 | Ossuary  | Learned a level 2 spell: Passwall
  9719 | D:8      | Found a staircase to the Lair.
  9719 | D:8      | Noticed a death yak
  9721 | D:8      | Noticed a death yak
  9722 | D:8      | Noticed a death yak
  9722 | D:8      | Noticed a death yak
  9770 | D:8      | Killed a death yak
  9771 | D:8      | Reached skill level 5 in Dodging
  9809 | D:8      | Killed a death yak
  9810 | D:8      | Reached XP level 11. HP: 17/88 MP: 23/25
  9817 | D:8      | Killed a death yak
  9824 | D:8      | Killed a death yak
  9825 | D:8      | Reached skill level 16 in Invocations
 10141 | D:8      | Found a blossoming altar of Fedhas.
 10574 | D:8      | Found an ancient bone altar of Kikubaaqudgha.
 11032 | D:8      | Noticed a two-headed ogre
 11039 | D:8      | Killed a two-headed ogre
 11730 | D:9      | Noticed a two-headed ogre
 11738 | D:9      | Killed a two-headed ogre
 12039 | D:9      | Found a sparkling altar of Nemelex Xobeh.
 12173 | D:9      | Found the +8 frozen axe "Frostbite" {freezing cloud, *Noise
                  | Fly rC+}
 12238 | D:9      | Identified the +0 chain mail of Saca {Rampage rF+}
 12606 | D:10     | Entered Level 10 of the Dungeon
 12676 | D:10     | Noticed a skeletal warrior
 12697 | D:10     | Killed a skeletal warrior
 12698 | D:10     | Reached skill level 1 in Axes
 12801 | D:10     | Found a white marble altar of Elyvilon.
 12820 | D:10     | Noticed a boulder beetle
 12859 | D:10     | Killed a boulder beetle
 12860 | D:10     | Reached skill level 17 in Invocations
 12860 | D:10     | Reached XP level 12. HP: 31/97 MP: 26/26
 13248 | D:10     | Noticed a two-headed ogre
 13255 | D:10     | Killed a two-headed ogre
 13479 | D:10     | Found a shimmering blue altar of Sif Muna.
 13653 | D:10     | Found a hazy altar of Hepliaklqana.
 14223 | D:11     | Noticed a boulder beetle
 14240 | D:11     | Killed a boulder beetle
 14241 | D:11     | Reached skill level 18 in Invocations
 14911 | D:12     | Noticed an eight-headed hydra
 14916 | D:12     | Noticed Jorgrun
 14924 | D:11     | Killed Jorgrun
 15570 | Lair:1   | Entered Level 1 of the Lair of Beasts
 15866 | Lair:1   | Reached skill level 5 in Axes
 16621 | Lair:2   | Noticed Amaemon
 16628 | Lair:2   | Killed Amaemon
 16995 | Lair:2   | Noticed Gastronok
 16998 | Lair:2   | Reached XP level 13. HP: 92/106 MP: 24/28
 17010 | Lair:2   | Killed Gastronok
 17134 | Lair:2   | Found a staircase to the Snake Pit.
 17957 | Lair:2   | Found a staircase to the Swamp.
 19526 | Lair:4   | Found a shimmering altar of Xom.
 20837 | Lair:5   | Reached skill level 19 in Invocations
 21315 | Lair:6   | Entered Level 6 of the Lair of Beasts
 21372 | Lair:6   | Reached skill level 10 in Axes
 21730 | Lair:6   | Reached skill level 1 in Evocations
 22076 | Lair:6   | Reached XP level 14. HP: 52/116 MP: 10/30
 22966 | Lair:6   | Found a staircase to the Slime Pits.
 22967 | Lair:6   | Found a viscous altar of Jiyva.
 23183 | Lair:6   | Got the Collected Works on Stones and the Entourage
 23472 | Snake:1  | Entered Level 1 of the Snake Pit
 23472 | Snake:1  | Found Kauxt's Distillery.
 24683 | D:12     | Found a staircase to the Orcish Mines.
 24759 | D:12     | Found Ysaass's Antique Armour Boutique.
 24767 | D:12     | Bought a pair of embroidered gloves for 210 gold pieces
 25039 | D:12     | Reached skill level 10 in Dodging
 25039 | D:12     | Reached XP level 15. HP: 126/126 MP: 31/31
 25591 | Orc:1    | Entered Level 1 of the Orcish Mines
 25753 | Orc:1    | You are sucked into a shaft and drop 1 floor!
 25753 | Orc:2    | Entered Level 2 of the Orcish Mines
 25753 | Orc:2    | Found a staircase to the Elven Halls.
 25963 | Orc:2    | Found Muplidwenk's Antique Armour Shop.
 25971 | Orc:2    | Bought a pair of faintly humming gloves for 199 gold pieces
 25971 | Orc:2    | Identified the +2 pair of gloves of Zuph {Harm Int-3
                  | Slay+6} (You bought it in a shop on level 2 of the Orcish
                  | Mines)
 26251 | Orc:2    | Reached ****** piety under Makhleb
 26407 | Orc:2    | Reached skill level 10 in Fighting
 26408 | Orc:2    | Noticed Saint Roka
 26433 | Orc:2    | Killed Saint Roka
 26885 | Orc:2    | Found Quzud's Antique Weapon Emporium.
 26888 | Orc:2    | Found Qarainaa's Antique Armour Shoppe.
 26986 | Orc:2    | Found Qeph's General Store.
 27202 | Orc:2    | Bought a +1 cloak of preservation for 181 gold pieces
 27820 | D:13     | Reached skill level 20 in Invocations
 28316 | D:13     | Reached XP level 16. HP: 127/134 MP: 33/33
 28347 | D:13     | Found a gate to the Vaults.
 28699 | D:14     | Found a gate leading to a gauntlet.
 28701 | Gauntlet | Entered a Gauntlet
 28701 | Gauntlet | Found a transporter.
 28746 | Gauntlet | Found a transporter.
 28747 | Gauntlet | Found a transporter.
 28750 | Gauntlet | Found a transporter.
 28752 | Gauntlet | Found a transporter.
 28762 | Gauntlet | Found a transporter.
 28763 | Gauntlet | Found a transporter.
 28764 | Gauntlet | Found a transporter.
 28832 | Gauntlet | Found a transporter.
 28833 | Gauntlet | Found a transporter.
 28837 | Gauntlet | Found a transporter.
 28853 | Gauntlet | Found a transporter.
 29072 | Gauntlet | Identified the +4 broad axe of Waaziven {vorpal, Int+4}
 30335 | D:15     | Entered Level 15 of the Dungeon
 30428 | D:15     | Found a staircase to the Depths.
 30633 | D:15     | Found Cyoxt's Weapon Shop.
 30657 | D:15     | Found a hide-covered altar of Uskayaw.
 30872 | Depths:1 | Entered Level 1 of the Depths
 31204 | Elf:1    | Entered Level 1 of the Elven Halls
 31964 | Elf:1    | Reached skill level 21 in Invocations
 32100 | Elf:1    | Reached skill level 15 in Axes
 33140 | Elf:1    | Found a runed translucent gate.
 33140 | Elf:1    | Found a runed translucent gate.
 33140 | Elf:1    | Found a runed translucent gate.
 33141 | Elf:1    | Found a runed translucent gate.
 33141 | Elf:1    | Found a runed translucent gate.
 33141 | Elf:1    | Noticed a storm dragon
 33142 | Elf:1    | Found a runed translucent gate.
 33173 | Elf:1    | Killed from afar by an iron dragon

Illustrated notes

Levels and vault maps discovered:
D:1:      lemuel_arrival_river_ford, layout_loops_ring, serial_shops, shop
D:2:      layout_loops_ring
D:3:      layout_basic, hellmonk_ecumenical_altar_lost_god, serial_shops, shop
D:4:      layout_cave_pods, mainiacjoe_overflow_surrounded_room,
          mainiacjoe_overflow_catwalk, temple_doors_e
D:5:      layout_layer_cave, minmay_quadrilaterals, uniq_blork_the_orc
D:6:      layout_rooms, minmay_divided_ellipse, uniq_menkaure
D:7:      layout_rooms, mainiacjoe_overflow_alcove_1, grunt_qazlal_sundering,
          serial_shops, nicolae_inconvenience_store, uniq_joseph, uniq_duvessa,
          uniq_crazy_yiuf_cottage
D:8:      layout_basic, mainiacjoe_overflow_boulevard,
          lemuel_mausoleum_altar_kikubaaqudgha, dpeg_lair_monsters,
          enter_bailey_3, nicolae_ossuary_entry_giza, nicolae_figureground_pulse
D:9:      layout_big_octagon, nemelex_diamond_rough_becter, serial_park,
          serial_park_square3 [serial_park_minivault_5x5_5], serial_park_tiny_2,
          serial_park_tiny_2, hellmonk_guarded_unrand_frostbite
D:10:     layout_basic, lemuel_blue_sif_altar,
          nicolae_hepliaklqana_monster_ancestors, mainiacjoe_overflow_paths,
          kennysheep_windowed_goal
D:11:     layout_cave_pools
D:12:     layout_cave_pools, orc_0_dummy, serial_shops, nicolae_square_shop,
          uniq_jorgrun
D:13:     layout_loops_ring, grunt_vaults_entry_fortified, serial_undead,
          serial_undead_a, serial_undead_e, serial_undead_d, serial_undead_b,
          serial_undead_e, serial_undead_e, serial_undead_c, minmay_circle_x
D:14:     layout_basic, gauntlet_entry_generic, ebering_dispersal_statue_hall
D:15:     hangedman_depths_entry_civil_slaughter, layout_rooms, serial_shops,
          shop, nicolae_uskayaw_murder_on_the_dancefloor
Temple:   ebering_untended_altars
Lair:1:   layout_hall_layers, beast_lair_carwin_7, lemuel_fruit_fields
Lair:2:   layout_cave_pods, nicolae_swamp_entry_splash_gauntlet,
          guppyfry_snake_entry_garden, grunt_forest_small_clearing_treed,
          uniq_gastronok, uniq_amaemon
Lair:3:   layout_small_grid, grunt_megastairs_2, lemuel_fruit_fields
Lair:4:   layout_roguey, basic_altar, minivault_27
Lair:5:   layout_long_grid
Lair:6:   gammafunk_lair_ancient_temple, layout_gridlike, slime_altar_1,
          kilobyte_rumbling_trees, infiniplex_staircase_pool
Snake:1:  layout_misc_corridors, nrook_loot_triangle, lemuel_fruit_tree,
          minmay_shoptagon
Orc:1:    layout_diamond_mine
Orc:2:    grunt_orc_community_town_hall, layout_diamond_mine,
          grunt_orc_community_big_house_1, grunt_orc_community_big_house_2,
          grunt_orc_community_house_3, grunt_orc_community_house_1,
          grunt_orc_community_house_2, grunt_orc_community_house_3
Elf:1:    layout_loops_ring, orc_legates
Depths:1: layout_long_grid, hangedman_decor_riveting, grunt_mini_vestibule,
          lightli_minifort, grunt_megastairs_1, serial_bayou_shore_b

Skill      XL: |  1  2  3  4  5  6  7  8  9 10 11 12 13 14 15 16 |
---------------+-------------------------------------------------+-----
Dodging        | 3 4 5 6 7 10 | 10.8
Fighting       | 4 5 6 7 8 9 10 11 | 11.2
Long Blades    | 4 5 6 8 |  8.4
Invocations    | 3 6 10 13 15 17 18 19 20 21 | 21.3
Axes           | 2 6 10 12 13 15 | 15.0
Evocations     | 1 |  1.2
Stealth        | |  1.7
Shields        | |  0.9

Action                   |  1- 3 |  4- 6 |  7- 9 | 10-12 | 13-15 | 16-18 || total
-------------------------+-------+-------+-------+-------+-------+-------++-------
Melee: Falchion          |   103 |    77 |    50 |   249 |     8 |       ||   487
       Tailslap          |     9 |    13 |     9 |    73 |   115 |    41 ||   260
       Punch             |     1 |     1 |       |     4 |     1 |     1 ||     8
       Kick              |       |       |       |    95 |       |       ||    95
       Executioner's axe |       |       |       |   115 |   511 |    63 ||   689
       War axe           |       |       |       |       |    63 |   143 ||   206
 Cast: Passwall          |       |       |       |       |       |     1 ||     1
Invok: Minor Destruction |       |    52 |   182 |   120 |    42 |    20 ||   416
       Lesser Servant of |       |       |     5 |    30 |     6 |     2 ||    43
       Major Destruction |       |       |       |     7 |       |     6 ||    13
       Greater Servant o |       |       |       |     1 |     4 |    12 ||    17
 Abil: Breathe Fire      |       |       |     3 |    12 |     3 |     3 ||    21
Evoke: Wand              |       |       |       |     3 |     6 |     1 ||    10
       Tin of tremorston |       |       |       |       |     3 |       ||     3
       Phial of floods   |       |       |       |       |     1 |       ||     1
       Phantom mirror    |       |       |       |       |       |     1 ||     1
  Use: Scroll            |     3 |    13 |     1 |    10 |    18 |     3 ||    48
       Potion            |       |     2 |       |     3 |     7 |     1 ||    13
 Stab: Sleeping          |    10 |       |     1 |     8 |     4 |     1 ||    24
       Distracted        |       |       |       |     6 |     2 |       ||     8
Armor: Skin              |    32 |    68 |    51 |   194 |   310 |   131 ||   786
Dodge: Dodged            |    73 |    79 |    89 |   455 |   654 |   198 ||  1548
Block: Buckler           |       |       |       |       |       |    14 ||    14

Table legend: (Time is in decaauts)
 A = Elapsed time spent in this place.
 B = Non-inter-level travel time spent in this place.
 C = Inter-level travel time spent in this place.
 D = Time resting spent in this place.
 E = Time spent auto-exploring this place.
 F = Levels seen in this place.
 G = Mean time per level.
                   A        B        C        D        E       F      G
               +--------+--------+--------+--------+--------+-----+--------+
         Total |  33484 |  32207 |   1277 |   4101 |  22672 |  29 | 1154.6 |
       Dungeon |  19478 |  18632 |    846 |   2220 |  13519 |  15 | 1298.5 |
        Temple |     72 |     66 |      6 |      0 |     43 |   1 |   72.0 |
          Lair |   8558 |   8285 |    273 |    814 |   6409 |   6 | 1426.3 |
     Snake Pit |     44 |     44 |      0 |      0 |      3 |   1 |   44.0 |
  Orcish Mines |   2213 |   2064 |    149 |    466 |   1127 |   2 | 1106.5 |
   Elven Halls |   1974 |   1974 |      0 |    569 |    997 |   1 | 1974.0 |
        Depths |     25 |     25 |      0 |      0 |      0 |   1 |   25.0 |
       Ossuary |    498 |    498 |      0 |      0 |    296 |   1 |  498.0 |
      Gauntlet |    619 |    619 |      0 |     32 |    278 |   1 |  619.0 |
               +--------+--------+--------+--------+--------+-----+--------+

Top non-repeatable levels by time:
  Lair:2: 2322 daAuts
    D:11: 2054 daAuts
   Elf:1: 1974 daAuts
     D:8: 1914 daAuts
   Orc:2: 1819 daAuts
     D:5: 1711 daAuts
     D:4: 1637 daAuts
  Lair:6: 1600 daAuts
     D:6: 1484 daAuts
    D:13: 1422 daAuts
     D:9: 1416 daAuts
  Lair:4: 1310 daAuts
  Lair:5: 1293 daAuts
    D:10: 1287 daAuts
     D:3: 1224 daAuts
